[Event "Titled Tuesday Blitz August 16 Early 2022"]
[White "Nakamura, Hikaru"]
[Black "Salem, A.R. Saleh"]
[WhiteFideId "2016192"]
[BlackFideId "9301348"]
[WhiteElo "2850"]
[BlackElo "2674"]
[Result "1/2-1/2"]
[Round "06"]
[TimeControl "180+1"]
[Date "2022.08.16"]
[WhiteClock "0:00:20"]
[BlackClock "0:00:28"]

1. e4 c6 2. Nf3 d5 3. Qe2 dxe4 4. Qxe4 Nf6 5. Qe2 c5 6. g3 Nc6 7. Bg2 Bg4 8. c3 e6 9. O-O Be7 10. Rd1 O-O 11. Na3 Nd5 12. h3 Bh5 13. Nc2 Rc8 14. d4 cxd4 15. Ncxd4 Nxd4 16. Rxd4 Qb6 17. g4 Bg6 18. Rxd5 exd5 19. Qxe7 Rfe8 20. Qb4 Qxb4 21. cxb4 Re2 22. Bf1 Rec2 23. Be3 Rxb2 24. a3 a6 25. Ne5 Be4 26. Nd7 d4 27. Bxd4 Rd2 28. Nb6 Rd8 29. Bc3 Rd1 30. Nc4 Rxa1 31. Bxa1 Rd1 32. Be5 Rxf1+ 33. Kxf1 1/2-1/2


[Site "https://www.chess.com"]

[Event "Titled Tuesday Blitz August 16 Early 2022"]
[White "Nazari, Arad"]
[Black "Ramirez Vido, Robert Yorisan"]
[WhiteFideId "12577324"]
[BlackFideId "3513823"]
[WhiteElo "2129"]
[BlackElo "2480"]
[Result "1-0"]
[Round "06"]
[TimeControl "180+1"]
[Date "2022.08.16"]
[WhiteClock "0:00:54"]
[BlackClock "0:00:17"]

1. e4 d6 2. d4 Nf6 3. Nc3 g6 4. f4 Bg7 5. e5 Nfd7 6. Nf3 c5 7. exd6 O-O 8. Be3 exd6 9. Qd2 Re8 10. O-O-O Qa5 11. Bc4 Nb6 12. Bb5 Bd7 13. Bxd7 N8xd7 14. Qd3 c4 15. Qd2 Nf6 16. Rhe1 Nfd5 17. Nxd5 Qxa2 18. Nc3 Qa1+ 19. Nb1 c3 20. Qxc3 Rac8 21. Qa3 Qxa3 22. Nxa3 Nd5 23. Bd2 f5 24. g3 Nf6 25. Rxe8+ Rxe8 26. Re1 Ne4 27. Ng5 Bxd4 28. Nb5 Bf2 29. Nxe4 fxe4 30. Nxd6 Rd8 31. Re2 e3 32. Bb4 a5 33. Ba3 Rd7 34. Nc4 a4 35. Nxe3 1-0


[Site "https://www.chess.com"]

[Event "Titled Tuesday Blitz August 16 Early 2022"]
[White "O`Gorman, Tom"]
[Black "Schut, Han"]
[WhiteFideId "2508249"]
[BlackFideId "1005561"]
[WhiteElo "2270"]
[BlackElo "2024"]
[Result "1-0"]
[Round "06"]
[TimeControl "180+2"]
[Date "2022.08.18"]
[WhiteClock "0:00:00"]
[BlackClock "0:00:00"]

1. Nf3 Nf6 2. g3 g6 3. Bg2 Bg7 4. O-O O-O 5. d4 d5 6. c4 dxc4 7. Ne5 c5 8. dxc5 Qc7 9. Nxc4 Qxc5 10. b3 Ne4 11. Ba3 Qd4 12. Bb2 Qxd1 13. Rxd1 Bxb2 14. Nxb2 Nd6 15. Nc3 Nc6 16. Nd3 Bg4 17. h3 Bf5 18. g4 Bxd3 19. Rxd3 Rac8 20. Na4 Nb4 21. Rd2 b5 22. Nb2 Rc7 23. Nd3 Nxd3 24. Rxd3 Rfc8 25. Bf3 Rc1+ 26. Rxc1 Rxc1+ 27. Kg2 Rc2 28. a4 bxa4 29. bxa4 Ra2 30. Rd4 a5 31. Bc6 Rxe2 32. Rd5 Nc4 33. Rc5 Rc2 34. Kg1 Rc1+ 35. Kh2 Rc2 36. Kg3 Rc3+ 37. f3 Rc2 38. Bd5 Ne3 39. Rxa5 g5 40. f4 Nxd5 41. Rxd5 Rc3+ 42. Kg2 gxf4 43. Rf5 f3+ 44. Rxf3 Rc2+ 45. Kg3 Ra2 46. Rf4 e5 47. Rb4 Kg7 48. h4 Ra3+ 49. Kf2 f6 50. Ke2 Kg6 51. Kd2 h5 52. gxh5+ Kxh5 53. Kc2 f5 54. Kb2 Rg3 55. a5 Rg8 56. Kb3 Ra8 57. Ka4 e4 58. Rb5 Kg4 59. h5 e3 60. h6 e2 61. Re5 Kf3 62. Rxf5+ Ke3 63. Re5+ Kf2 64. Kb5 e1=Q 65. Rxe1 Kxe1 66. a6 Kf2 67. Kb6 Kf3 68. a7 Kf4 69. Kb7 Rf8 70. a8=Q Rxa8 71. Kxa8 Kg5 72. h7 1-0


[Site "https://www.chess.com"]

[Event "Titled Tuesday Blitz August 16 Early 2022"]
[White "Omelja, Artem"]
[Black "Djokic, Mihailo"]
[WhiteFideId "14119846"]
[BlackFideId "976440"]
[WhiteElo "2484"]
[BlackElo "2197"]
[Result "0-1"]
[Round "06"]
[TimeControl "180+2"]
[Date "2022.08.18"]
[WhiteClock "0:00:00"]
[BlackClock "0:00:00"]

1. d4 Nf6 2. c4 g6 3. Nc3 Bg7 4. e4 O-O 5. f3 d6 6. Nge2 Nc6 7. Be3 a6 8. Qd2 Rb8 9. Rc1 Bd7 10. Nd1 Re8 11. g3 b5 12. c5 dxc5 13. Rxc5 e5 14. d5 Ne7 15. Bg2 c6 16. dxc6 Nxc6 17. O-O Bf8 18. Rc1 Bb4 19. Ndc3 Be6 20. Rfd1 Qa5 21. a3 Be7 22. Nd5 Qxd2 23. Nxe7+ Rxe7 24. Rxd2 Na5 25. Rd6 Nc4 26. Bc5 Rc8 27. Rc6 Rec7 28. Rxc7 Rxc7 29. b4 Rd7 30. Nc3 Rd3 31. Bf1 Rxf3 32. Kg2 Rxc3 33. Rxc3 Nxe4 34. Rc1 Nxa3 35. Ra1 Nc2 36. Rxa6 Bd5 37. Kg1 Nc3 38. Bg2 e4 39. Bh3 e3 40. Bg4 h5 41. Bd1 Nxd1 42. Rd6 Nc3 43. Bxe3 Nxe3 44. Rd8+ Kg7 45. Kf2 Nf5 46. Ke1 Bc4 47. Kd2 Ne4+ 48. Kc2 Ne3+ 49. Kc1 Nd5 50. Re8 Nef6 51. Re5 Nxb4 52. Kd2 Nc6 53. Rc5 Ne7 54. Kc3 Nf5 55. Kb4 Nd4 56. Re5 Nc6+ 0-1


[Site "https://www.chess.com"]

[Event "Titled Tuesday Blitz August 16 Early 2022"]
[White "Orzech, Dominik"]
[Black "Voege, Tobias"]
[WhiteFideId "1115065"]
[BlackFideId "1270513"]
[WhiteElo "2272"]
[BlackElo "2360"]
[Result "0-1"]
[Round "06"]
[TimeControl "180+2"]
[Date "2022.08.18"]
[WhiteClock "0:00:00"]
[BlackClock "0:00:00"]

1. d4 Nf6 2. Nf3 g6 3. c4 Bg7 4. Nc3 O-O 5. Bg5 d6 6. e3 c5 7. Be2 Nbd7 8. O-O h6 9. Bh4 Rb8 10. Qc2 a6 11. Rad1 cxd4 12. Nxd4 Nc5 13. b4 Ne6 14. Nb3 b6 15. c5 bxc5 16. bxc5 Rxb3 17. axb3 Nxc5 18. b4 Bf5 19. Qa2 Nce4 20. Nxe4 Nxe4 21. Qxa6 g5 22. Bg3 Nc3 23. Rd2 Qb8 24. Qa3 Rc8 25. Qb3 Be6 26. Qa3 Nxe2+ 27. Rxe2 Rc3 28. Qa5 Bc4 29. Ra2 Bxa2 30. Qxa2 Qxb4 31. Qa8+ Kh7 32. Qe8 Qc4 33. h3 Bf6 34. Rb1 Rc1+ 35. Rxc1 Qxc1+ 36. Kh2 Kg7 37. Qd7 Qb2 38. Qf5 Qc3 39. Qe4 Qc8 40. Qd5 Qe6 41. Qc6 d5 42. Qc7 d4 43. exd4 Bxd4 44. Qb8 Bf6 45. Qc7 Qf5 46. Qb8 e5 47. Qd6 h5 48. f3 h4 49. Bf2 e4 50. Bd4 exf3 51. Bxf6+ Qxf6 52. gxf3 Qxd6+ 0-1


[Site "https://www.chess.com"]

[Event "Titled Tuesday Blitz August 16 Early 2022"]
[White "Padmini, Rout"]
[Black "Rosenberg, Evan S"]
[WhiteFideId "5029295"]
[BlackFideId "2019299"]
[WhiteElo "2181"]
[BlackElo "1999"]
[Result "1-0"]
[Round "06"]
[TimeControl "180+2"]
[Date "2022.08.18"]
[WhiteClock "0:00:00"]
[BlackClock "0:00:00"]

1. Nf3 d5 2. g3 Nd7 3. d4 Nb6 4. Bg2 Nf6 5. O-O Bf5 6. a4 a5 7. Nc3 c6 8. Bg5 e6 9. Nh4 Bg6 10. Nxg6 hxg6 11. e4 Be7 12. e5 Nfd7 13. Be3 Nc4 14. Bc1 Bg5 15. f4 Be7 16. b3 Ncb6 17. Be3 Nb8 18. Ne2 Na6 19. c3 Nd7 20. Qd3 Qb6 21. Rab1 Nc7 22. g4 Qa6 23. Qd2 c5 24. h3 cxd4 25. cxd4 Bb4 26. Qd1 b5 27. Rc1 Kd8 28. Qc2 Rc8 29. f5 bxa4 30. bxa4 gxf5 31. gxf5 Ne8 32. Qb2 Rc4 33. Rxc4 Qxc4 34. fxe6 fxe6 35. Bg5+ Be7 36. Bxe7+ Kxe7 37. Qa3+ Qb4 38. Qf3 Kd8 39. Qg4 Qe7 40. Nf4 Rh6 41. Rc1 Nb6 42. Rb1 Nc4 43. Rb8+ Kc7 44. Rxe8 Qxe8 45. Qxg7+ Kb6 46. Qxh6 Qxa4 47. Qxe6+ Ka7 48. Qe7+ Ka6 49. Nxd5 Qd1+ 50. Kh2 1-0


[Site "https://www.chess.com"]

[Event "Titled Tuesday Blitz August 16 Early 2022"]
[White "Pastar, Slaven"]
[Black "Atakhan, Abtin"]
[WhiteFideId "14402718"]
[BlackFideId "22502203"]
[WhiteElo "2358"]
[BlackElo "2371"]
[Result "0-1"]
[Round "06"]
[TimeControl "180+2"]
[Date "2022.08.18"]
[WhiteClock "0:00:00"]
[BlackClock "0:00:00"]

1. b3 Nf6 2. Bb2 e6 3. Nf3 g6 4. g3 Bg7 5. Bg2 O-O 6. c4 d5 7. O-O b6 8. cxd5 exd5 9. d4 Bb7 10. Nc3 Nbd7 11. Rc1 a6 12. Qd2 Re8 13. Rfd1 Ne4 14. Qc2 Rc8 15. e3 Qe7 16. Nxe4 dxe4 17. Nd2 f5 18. Qb1 Nf6 19. a3 h5 20. h4 Nd5 21. b4 Kh7 22. Nc4 g5 23. hxg5 Qxg5 24. Ne5 h4 25. gxh4 Qxh4 26. Qc2 Bxe5 27. dxe5 Rg8 28. Kf1 Rxg2 29. Kxg2 Rg8+ 30. Kf1 Qh1+ 31. Ke2 Qf3+ 32. Kf1 Nxe3+ 0-1


[Site "https://www.chess.com"]

[Event "Titled Tuesday Blitz August 16 Early 2022"]
[White "Perez Gormaz, Matias"]
[Black "Mika, Tomasz"]
[WhiteFideId "3406342"]
[BlackFideId "1132970"]
[WhiteElo "2390"]
[BlackElo "2157"]
[Result "1-0"]
[Round "06"]
[TimeControl "180+2"]
[Date "2022.08.18"]
[WhiteClock "0:00:00"]
[BlackClock "0:00:00"]

1. e4 c6 2. Nf3 d5 3. Nc3 Bg4 4. h3 Bxf3 5. Qxf3 e6 6. Be2 Bc5 7. O-O Nd7 8. exd5 cxd5 9. Rd1 Ne7 10. d4 Bb6 11. Be3 O-O 12. Bd3 Rc8 13. Ne2 Ng6 14. c3 a6 15. g3 Ba7 16. h4 b5 17. h5 Ne7 18. a4 b4 19. Bxa6 Rb8 20. Bd3 e5 21. Bb5 e4 22. Qf4 Nf6 23. h6 Ng6 24. Qf5 Rb6 25. cxb4 Qe7 26. hxg7 Kxg7 27. Nc3 Rd8 28. Kg2 Qxb4 29. Rh1 Re6 30. Bh6+ Kg8 31. Bg5 Rdd6 32. Ne2 Qxb2 33. Rac1 e3 34. Rc8+ Nf8 35. Bxf6 Rxf6 36. Qxh7# 1-0


[Site "https://www.chess.com"]

[Event "Titled Tuesday Blitz August 16 Early 2022"]
[White "Petrovic, Aleksa"]
[Black "Cruz Mendez, Jean Marco"]
[WhiteFideId "967629"]
[BlackFideId "3526402"]
[WhiteElo "2205"]
[BlackElo "2018"]
[Result "1-0"]
[Round "06"]
[TimeControl "180+2"]
[Date "2022.08.18"]
[WhiteClock "0:00:00"]
[BlackClock "0:00:00"]

1. d4 Nf6 2. c4 e6 3. Nf3 d5 4. Nc3 dxc4 5. e3 a6 6. a4 c5 7. Bxc4 Nc6 8. O-O cxd4 9. exd4 Be7 10. Re1 O-O 11. Bg5 h6 12. Bh4 Bd7 13. Ne5 Be8 14. Nxc6 Bxc6 15. Qd3 Rc8 16. Bb3 Qb6 17. Bc2 Rfd8 18. d5 Kf8 19. a5 Qc5 20. Bxf6 Bxf6 21. Qh7 Bxd5 22. Nxd5 Rxd5 23. Be4 Rd2 24. Kh1 Qxf2 25. Qh8+ Ke7 26. Qxc8 Be5 27. Qxb7+ Rd7 28. Qb3 Qf4 29. Qg3 Qf6 30. Qh3 Rd4 31. Rf1 Qg5 32. Qf3 f5 33. Bc2 Rh4 34. h3 Rb4 35. Rae1 Qg3 36. Qxg3 Bxg3 37. Re2 Kf6 38. Bd3 Ra4 39. Bxa6 Rxa5 40. Bc4 Be5 41. b4 Ra7 42. b5 Rb7 43. Rb1 Rb6 44. Rbe1 Bd4 45. Rxe6+ Rxe6 46. Rxe6+ Kg5 47. Rc6 Kf4 48. b6 Be5 49. b7 g5 50. Rc8 Kg3 51. b8=Q Bxb8 52. Rxb8 f4 53. Rb3+ Kh4 54. Kh2 h5 55. g3+ fxg3+ 56. Rxg3 g4 57. hxg4 hxg4 58. Be2 Kg5 59. Rxg4+ Kf5 60. Kg3 Ke5 61. Rf4 Kd5 62. Kf3 1-0


[Site "https://www.chess.com"]

[Event "Titled Tuesday Blitz August 16 Early 2022"]
[White "Pham, Khoi"]
[Black "Malyi, Viacheslav"]
[WhiteFideId "1054988"]
[BlackFideId "14123983"]
[WhiteElo "2376"]
[BlackElo "2190"]
[Result "0-1"]
[Round "06"]
[TimeControl "180+2"]
[Date "2022.08.18"]
[WhiteClock "0:00:00"]
[BlackClock "0:00:00"]

1. d4 Nf6 2. c4 e6 3. Nc3 d5 4. cxd5 exd5 5. Bg5 Be7 6. e3 c6 7. Bd3 Nbd7 8. Nge2 Nh5 9. Bxe7 Qxe7 10. Qc2 g6 11. O-O-O Nb6 12. Kb1 Be6 13. Nc1 O-O-O 14. a4 Kb8 15. a5 Nd7 16. a6 b6 17. N1e2 c5 18. dxc5 Nxc5 19. Nd4 Rc8 20. Bb5 Qd6 21. Ka1 Nf6 22. Qe2 Nfe4 23. Rc1 Rc7 24. Rhd1 Rhc8 25. f3 Nxc3 26. Rxc3 Bd7 27. Rdc1 Ne6 28. Bxd7 Qxd7 29. Qb5 Qxb5 30. Nxb5 Rxc3 31. Rxc3 Nc5 32. Kb1 Nxa6 33. Rxc8+ Kxc8 34. Nxa7+ Kb7 35. Nb5 Kc6 36. Nd4+ Kd6 37. Kc2 Nc5 38. Kc3 Ne6 39. Nb5+ Kc5 40. Nd4 Nxd4 41. exd4+ Kb5 42. Kb3 Ka5 43. Ka3 Kb5 44. Kb3 f6 45. g3 h6 46. h3 Ka5 47. Ka3 h5 48. h4 Kb5 49. Kb3 g5 50. f4 gxf4 51. gxf4 f5 52. Kc3 Ka4 53. b3+ Ka3 54. Kc2 b5 55. Kc3 b4+ 56. Kc2 Ka2 57. Kd3 Kxb3 58. Kd2 Kc4 59. Ke3 Kc3 0-1


[Site "https://www.chess.com"]

[Event "Titled Tuesday Blitz August 16 Early 2022"]
[White "Piesik, Piotr"]
[Black "Molina, Roberto Junio Brito"]
[WhiteFideId "1136194"]
[BlackFideId "2109450"]
[WhiteElo "2221"]
[BlackElo "2403"]
[Result "1-0"]
[Round "06"]
[TimeControl "180+1"]
[Date "2022.08.16"]
[WhiteClock "0:01:41"]
[BlackClock "0:01:24"]

1. Nf3 d5 2. g3 Nf6 3. Bg2 e6 4. O-O Be7 5. d3 c5 6. Nbd2 b6 7. e4 Bb7 8. Qe2 Nc6 9. c3 Qc7 10. Re1 h6 11. h4 O-O-O 12. a3 Kb8 13. b4 Ka8 14. Nb3 c4 15. dxc4 Nxe4 16. Bb2 Bf6 17. Rac1 Rhe8 18. Nbd4 Nxd4 19. cxd4 dxc4 20. Rxc4 Qe7 21. Ne5 Nd6 22. Nc6 Qc7 23. Nxd8 Qxc4 24. Nxb7 1-0


[Site "https://www.chess.com"]

[Event "Titled Tuesday Blitz August 16 Early 2022"]
[White "Pinheiro, Iung Alicio de O."]
[Black "Namitbir Singh Walia"]
[WhiteFideId "2104350"]
[BlackFideId "35071068"]
[WhiteElo "2283"]
[BlackElo "1664"]
[Result "1/2-1/2"]
[Round "06"]
[TimeControl "180+2"]
[Date "2022.08.18"]
[WhiteClock "0:00:00"]
[BlackClock "0:00:00"]

1. e4 c5 2. Nf3 Nc6 3. c3 d5 4. exd5 Qxd5 5. d4 Nf6 6. Na3 cxd4 7. Nb5 Qd7 8. Bf4 Nd5 9. Bg3 a6 10. Nbxd4 Nxd4 11. Qxd4 Nf6 12. Qe3 e6 13. Ne5 Qa4 14. Bc4 Be7 15. Bb3 Qa5 16. O-O O-O 17. Rad1 h6 18. Rfe1 Qc5 19. Qf3 a5 20. Rd4 Rd8 21. Rh4 Rd2 22. Bf4 Rxb2 23. Bxh6 gxh6 24. Rxh6 Kg7 25. Qf4 Qxf2+ 26. Qxf2 Rxf2 27. Kxf2 Kxh6 28. Nxf7+ Kg7 29. Ng5 a4 30. Bxe6 Bxe6 31. Nxe6+ Kf7 32. Ng5+ Kf8 33. Ne6+ Kg8 34. Ng5 Ng4+ 35. Kg3 Bxg5 36. Kxg4 Bf6 37. Rb1 Rb8 38. c4 Bd4 39. h4 b6 40. Kh5 Bc5 41. g4 Re8 42. g5 Re4 43. Rd1 Kg7 44. Rd7+ Re7 45. Rd5 Rc7 46. Kg4 Be7 47. Rd4 Bc5 48. Re4 Re7 49. Rf4 Re1 50. h5 Rg1+ 51. Kf5 Be3 52. h6+ Kh7 53. Re4 Rxg5+ 54. Kf6 Bc1 55. Re7+ Kxh6 56. Re8 Rg6+ 57. Kf5 Rg5+ 58. Kf6 Rg7 59. Re1 Bg5+ 60. Kf5 Rc7 61. Rh1+ Kg7 62. Kxg5 Rc5+ 63. Kf4 Rxc4+ 64. Ke5 Rb4 65. Rc1 Rb2 66. Rc6 b5 67. a3 Rb3 68. Rb6 b4 69. axb4 a3 70. Ra6 Rxb4 71. Rxa3 Rb7 72. Ke6 Rb6+ 73. Kf5 Rb5+ 74. Ke6 Rb6+ 75. Ke5 Rb5+ 76. Kd6 Rb6+ 77. Kc7 Rg6 78. Rd3 Rf6 79. Rg3+ Kf7 80. Rd3 Re6 81. Rf3+ Rf6 82. Rh3 Rg6 83. Kd7 Kf6 84. Rf3+ Kg5 85. Rf1 Kh5 86. Ke7 Ra6 87. Kf7 Kg5 88. Rg1+ Kf5 89. Rb1 Ra7+ 90. Kg8 Ke6 91. Rb6+ Kf5 92. Rb1 Kf6 93. Rf1+ Kg6 94. Rg1+ Kh5 95. Kf8 Kh6 96. Ke8 Kh5 97. Kd8 Kh6 98. Kc8 Rg7 99. Rh1+ Kg6 100. Rf1 Kh6 101. Kd8 Kg6 102. Ke8 Ra7 103. Rg1+ Kf6 104. Rb1 Ke6 105. Rb6+ Ke5 106. Rh6 Kf5 107. Rb6 Ke5 108. Kd8 Rh7 109. Kc8 Kd5 110. Rg6 Ke5 111. Kd8 Kf5 112. Ra6 Ke5 113. Ra5+ Kd6 114. Ra6+ Kc5 115. Ra1 Kb6 116. Rb1+ Kc6 117. Rg1 Ra7 118. Rg6+ Kd5 119. Kc8 Ke5 120. Kb8 Rh7 121. Rg1 1/2-1/2


[Site "https://www.chess.com"]

[Event "Titled Tuesday Blitz August 16 Early 2022"]
[White "Pourkashiyan, Atousa"]
[Black "Lehtosaari, Mauri"]
[WhiteFideId "12502014"]
[BlackFideId "501999"]
[WhiteElo "2322"]
[BlackElo "2200"]
[Result "1-0"]
[Round "06"]
[TimeControl "180+2"]
[Date "2022.08.18"]
[WhiteClock "0:00:00"]
[BlackClock "0:00:00"]

1. e4 e6 2. d4 d5 3. Nd2 dxe4 4. Nxe4 Nd7 5. Nf3 Ngf6 6. Bd3 Nxe4 7. Bxe4 Nf6 8. Bd3 c5 9. O-O Bd7 10. Bg5 cxd4 11. Nxd4 Be7 12. Re1 O-O 13. c3 Rc8 14. Qf3 Bc6 15. Qh3 g6 16. Nxe6 fxe6 17. Qxe6+ Rf7 18. Bxf6 Bxf6 19. Bc4 Be8 20. Rad1 Qc7 21. Bb3 Kg7 22. g3 Rd8 23. h4 Rxd1 24. Rxd1 Qe7 25. Qg4 Rf8 26. h5 Bc6 27. hxg6 hxg6 28. Bc2 g5 29. Qf5 Kg8 30. Qg6+ Qg7 31. Qf5 Be7 32. Bb3+ Kh8 33. Qh3+ 1-0


[Site "https://www.chess.com"]

[Event "Titled Tuesday Blitz August 16 Early 2022"]
[White "Proudian, Armen"]
[Black "Buscar, Michael"]
[WhiteFideId "2130734"]
[BlackFideId "2603616"]
[WhiteElo "2431"]
[BlackElo "2041"]
[Result "1-0"]
[Round "06"]
[TimeControl "180+2"]
[Date "2022.08.18"]
[WhiteClock "0:00:00"]
[BlackClock "0:00:00"]

1. e4 c5 2. Nf3 Nc6 3. d4 cxd4 4. Nxd4 Nf6 5. Nc3 e5 6. Ndb5 h6 7. a4 d6 8. Be3 Be7 9. Bc4 O-O 10. Qd2 Be6 11. Bxe6 fxe6 12. O-O-O Ne8 13. Kb1 Qa5 14. Bxh6 gxh6 15. Qxh6 Ng7 16. Nxd6 Rxf2 17. Nc4 Qc5 18. Ne3 Nd4 19. Ng4 Rxg2 20. Rhg1 Rxg1 21. Rxg1 Nf3 22. Rg3 Rf8 23. Qg6 Bg5 24. Nh6+ Bxh6 25. Qxh6 Qe7 26. Rg2 Qf6 27. Qh3 Nd4 28. Ka2 Rf7 29. Qd3 Qe7 30. Ne2 Nxe2 31. Qxe2 Qc7 32. b3 Kf8 33. Kb2 Ke8 34. h4 Kd8 35. h5 Ne8 36. h6 Qd7 37. Qh5 Kc8 38. Rg8 Kc7 39. Qxe5+ Qd6 40. Qc3+ Qc6 41. Rxe8 Qxc3+ 42. Kxc3 Rh7 43. Rxe6 Kd7 44. Rg6 Kd8 45. Kd4 b6 46. Rg8+ Ke7 47. Rg7+ Rxg7 48. hxg7 1-0


[Site "https://www.chess.com"]

[Event "Titled Tuesday Blitz August 16 Early 2022"]
[White "Quirke, Jeffrey"]
[Black "Legenia, Artem"]
[WhiteFideId "2013029"]
[BlackFideId "14136945"]
[WhiteElo "2048"]
[BlackElo "2092"]
[Result "0-1"]
[Round "06"]
[TimeControl "180+2"]
[Date "2022.08.18"]
[WhiteClock "0:00:00"]
[BlackClock "0:00:00"]

1. d4 Nf6 2. c4 Nc6 3. Nf3 e6 4. a3 d5 5. Bg5 Be7 6. e3 dxc4 7. Bxc4 O-O 8. O-O h6 9. Bh4 b6 10. Nc3 Bb7 11. Qe2 Nd7 12. Bg3 Bd6 13. Rfd1 Bxg3 14. hxg3 Ne7 15. b4 a6 16. Rac1 Nf6 17. e4 Qc8 18. d5 exd5 19. exd5 Re8 20. Qa2 b5 21. Bb3 Nf5 22. d6 Nxd6 23. Rxd6 cxd6 24. Bxf7+ Kh8 25. Bxe8 Qxe8 26. Re1 Qc6 27. Qd2 Rc8 28. Re3 d5 29. Rd3 Ne4 30. Nxe4 Qc1+ 31. Kh2 dxe4 32. Rd8+ Kh7 33. Qxc1 Rxc1 34. Ne5 Rc3 35. g4 Rxa3 36. Rd7 Bc8 37. Rc7 Be6 38. Rc6 Ba2 39. g5 hxg5 40. Nf7 Bxf7 0-1


[Site "https://www.chess.com"]

[Event "Titled Tuesday Blitz August 16 Early 2022"]
[White "Rangel, Daniel"]
[Black "Lebedev, Artem S."]
[WhiteFideId "2124475"]
[BlackFideId "34272747"]
[WhiteElo "2189"]
[BlackElo "1901"]
[Result "1-0"]
[Round "06"]
[TimeControl "180+2"]
[Date "2022.08.18"]
[WhiteClock "0:00:00"]
[BlackClock "0:00:00"]

1. d4 d5 2. c4 e6 3. Nc3 Nf6 4. Bg5 Be7 5. e3 h6 6. Bh4 O-O 7. Bd3 b6 8. cxd5 Nxd5 9. Bxe7 Qxe7 10. Nxd5 exd5 11. Ne2 Ba6 12. O-O Bxd3 13. Qxd3 Nd7 14. Rac1 Nf6 15. Rc6 Rfc8 16. Rfc1 Ne4 17. Nc3 Nf6 18. Qf5 Qd8 19. Nb5 Ne8 20. Qc2 Qd7 21. Nxc7 Nxc7 22. Rxc7 Rxc7 23. Qxc7 Qa4 24. Qc6 1-0


[Site "https://www.chess.com"]

[Event "Titled Tuesday Blitz August 16 Early 2022"]
[White "Reprintsev, Alexander"]
[Black "Diaz Perez, Michel Alejandro"]
[WhiteFideId "14100541"]
[BlackFideId "3517179"]
[WhiteElo "2350"]
[BlackElo "2433"]
[Result "1-0"]
[Round "06"]
[TimeControl "180+2"]
[Date "2022.08.18"]
[WhiteClock "0:00:00"]
[BlackClock "0:00:00"]

1. e4 d6 2. d4 Nd7 3. c4 Ngf6 4. Nc3 e5 5. Nge2 g6 6. f3 Bg7 7. Bg5 O-O 8. Qd2 a6 9. h4 b5 10. cxb5 axb5 11. Nxb5 Ba6 12. Nec3 Rb8 13. a4 exd4 14. Nxd4 Bxf1 15. Rxf1 Ne5 16. Nd5 Rxb2 17. Qc3 Rxg2 18. Rf2 Rg1+ 19. Ke2 Rxa1 20. Qxa1 c6 21. Nxc6 Nxc6 22. Bxf6 Qa5 23. Bxg7 Qa6+ 24. Ke1 f6 25. Bxf8 Ne5 26. Nb4 Qb6 27. Bxd6 Qxd6 28. Qa2+ Kg7 29. Nd5 Nd3+ 30. Kf1 Qg3 31. Qc2 Qh3+ 32. Ke2 Nxf2 33. Qc7+ Kh6 34. Kxf2 Qxh4+ 35. Ke2 Qh1 36. Qf4+ Kg7 37. Qxf6+ Kh6 38. Qf8+ Kg5 39. Qf4+ Kh5 40. Nf6# 1-0


[Site "https://www.chess.com"]

[Event "Titled Tuesday Blitz August 16 Early 2022"]
[White "Rios Escobar, Adan"]
[Black "Averjanov, Alexey"]
[WhiteFideId "3403645"]
[BlackFideId "14109867"]
[WhiteElo "2276"]
[BlackElo "2399"]
[Result "1-0"]
[Round "06"]
[TimeControl "180+2"]
[Date "2022.08.18"]
[WhiteClock "0:00:00"]
[BlackClock "0:00:00"]

1. d4 d5 2. g3 Nf6 3. Nf3 e6 4. c4 Be7 5. Bg2 O-O 6. O-O c6 7. Qc2 Nbd7 8. Nbd2 b6 9. e4 dxe4 10. Nxe4 Bb7 11. Rd1 Nxe4 12. Qxe4 Nf6 13. Qe2 Qc7 14. Bf4 Bd6 15. Ne5 Rad8 16. c5 Bxe5 17. Bxe5 Qd7 18. Bxf6 gxf6 19. Qh5 Qe7 20. Rac1 bxc5 21. dxc5 f5 22. b4 Kg7 23. h3 h6 24. g4 fxg4 25. hxg4 Qg5 26. Qxg5+ hxg5 27. b5 Rxd1+ 28. Rxd1 Rc8 29. Rd7 Ba8 30. b6 axb6 31. cxb6 Rb8 32. Ra7 Kf6 33. a4 Ke5 34. a5 Kd6 35. Rxf7 c5 36. b7 Bxb7 37. Bxb7 c4 38. Kf1 c3 39. Ke2 Kc5 40. a6 Kb6 41. Kd3 Rh8 42. Kxc3 Rh4 43. f3 Rh1 44. Rf6 Ka7 45. Rxe6 Rc1+ 46. Kd3 Rc5 47. Kd4 Ra5 48. Re5 Ra3 49. Rxg5 Ra4+ 50. Ke5 Rb4 51. f4 Rb6 52. f5 Rb5+ 53. Kf6 Rb1 54. Kg7 Rc1 55. f6 Rc7+ 56. f7 Rc5 57. Rxc5 Kb6 58. Rf5 Ka7 59. f8=Q Kb6 60. Qc5# 1-0


[Site "https://www.chess.com"]

[Event "Titled Tuesday Blitz August 16 Early 2022"]
[White "Rostomyan, Mikayel"]
[Black "Melikyan, Gnel"]
[WhiteFideId "13313754"]
[BlackFideId "54109990"]
[WhiteElo "2118"]
[BlackElo "2238"]
[Result "1-0"]
[Round "06"]
[TimeControl "180+2"]
[Date "2022.08.18"]
[WhiteClock "0:00:00"]
[BlackClock "0:00:00"]

1. d4 Nf6 2. Nf3 g6 3. b3 Bg7 4. Bb2 O-O 5. e3 b6 6. Be2 Bb7 7. O-O d6 8. c4 Nbd7 9. Nc3 e5 10. dxe5 Nxe5 11. Nxe5 dxe5 12. Qxd8 Rfxd8 13. Rfd1 a6 14. a4 Nd7 15. b4 Bf8 16. Ba3 a5 17. bxa5 Bxa3 18. Rxa3 bxa5 19. Nb5 Nc5 20. Nxc7 Rxd1+ 21. Bxd1 Rd8 22. Ra1 Rd2 23. Nd5 Bxd5 24. cxd5 Rxd5 25. Be2 Rd2 26. Bb5 Ne4 27. f3 Nc3 28. h3 Rb2 29. Bf1 Rb4 30. Rc1 Nxa4 31. Rc8+ Kg7 32. Ra8 e4 33. Rxa5 exf3 34. gxf3 Nb6 35. e4 Rb2 36. Rc5 Nd7 37. Rd5 Nf6 38. Rb5 Nh5 39. Rxb2 1-0


[Site "https://www.chess.com"]

[Event "Titled Tuesday Blitz August 16 Early 2022"]
[White "Rostovtsev, Dmitry"]
[Black "Goltseva, Ekaterina"]
[WhiteFideId "34278320"]
[BlackFideId "24173770"]
[WhiteElo "2309"]
[BlackElo "2306"]
[Result "1-0"]
[Round "06"]
[TimeControl "180+2"]
[Date "2022.08.18"]
[WhiteClock "0:00:00"]
[BlackClock "0:00:00"]

1. e4 e5 2. Nf3 Nc6 3. Bb5 a6 4. Ba4 Nf6 5. O-O Be7 6. Re1 b5 7. Bb3 d6 8. h3 O-O 9. c3 a5 10. a4 b4 11. d4 bxc3 12. bxc3 exd4 13. cxd4 d5 14. e5 Ne4 15. Nbd2 Bf5 16. Nf1 Bb4 17. Re3 Nc3 18. Qe1 Ne4 19. Bd2 Nxd2 20. N1xd2 Be4 21. Qe2 Bxd2 22. Qxd2 Rb8 23. Rc1 Qd7 24. Qc3 Rb6 25. Bc2 Bxf3 26. Rxf3 g6 27. Kh2 Rfb8 28. Bd3 Qe7 29. Bb5 Na7 30. Qxc7 Qxc7 31. Rxc7 Nxb5 32. axb5 Rxb5 33. Rfxf7 a4 34. Rg7+ Kh8 35. Rxh7+ Kg8 36. e6 a3 37. Rcg7+ Kf8 38. e7+ Ke8 39. Rh8+ Kd7 40. e8=Q+ Kd6 41. Qxg6# 1-0


[Site "https://www.chess.com"]

[Event "Titled Tuesday Blitz August 16 Early 2022"]
[White "Sailer, Mike"]
[Black "Miszler, Levente"]
[WhiteFideId "2012901"]
[BlackFideId "763276"]
[WhiteElo "2109"]
[BlackElo "2252"]
[Result "1-0"]
[Round "06"]
[TimeControl "180+2"]
[Date "2022.08.18"]
[WhiteClock "0:00:00"]
[BlackClock "0:00:00"]

1. d4 Nf6 2. Nc3 g6 3. e4 d6 4. Bf4 Bg7 5. Qd2 O-O 6. O-O-O Nbd7 7. h4 c5 8. d5 a6 9. h5 b5 10. hxg6 fxg6 11. f3 b4 12. Na4 Nb6 13. Nxb6 Qxb6 14. Bh6 a5 15. Bxg7 Kxg7 16. Qh6+ Kg8 17. Bc4 Ba6 18. Bxa6 Qxa6 19. Nh3 Rf7 20. Ng5 Raf8 21. Nxf7 Rxf7 22. Qe3 Nd7 23. Qd3 c4 24. Qd4 Nc5 25. e5 b3 26. axb3 cxb3 27. exd6 Qxd6 28. Rhe1 bxc2 29. Kxc2 Qb6 30. d6 exd6 31. Re8+ Rf8 32. Rxf8+ Kxf8 33. Qxd6+ Qxd6 34. Rxd6 Ke7 35. Rd5 Nb7 36. Rb5 Nd6 37. Rxa5 h5 38. Ra6 h4 39. Rxd6 Kxd6 40. Kd3 Ke5 41. Ke3 g5 42. b4 Kd5 43. b5 Kc5 44. Ke4 Kxb5 45. Kf5 h3 46. gxh3 Kc5 47. Kxg5 Kd5 48. Kf5 Kd6 49. Kf6 1-0


[Site "https://www.chess.com"]

[Event "Titled Tuesday Blitz August 16 Early 2022"]
[White "Samarth, J Rao"]
[Black "Quispe Santacruz, Javier"]
[WhiteFideId "46652370"]
[BlackFideId "3800920"]
[WhiteElo "1664"]
[BlackElo "1811"]
[Result "1-0"]
[Round "06"]
[TimeControl "180+2"]
[Date "2022.08.18"]
[WhiteClock "0:00:00"]
[BlackClock "0:00:00"]

1. c4 c6 2. e4 d5 3. exd5 cxd5 4. cxd5 Nf6 5. Qa4+ Bd7 6. Qb3 Qc8 7. Nc3 e6 8. dxe6 Bxe6 9. Bb5+ Nbd7 10. Qd1 a6 11. Be2 Bc5 12. Nf3 O-O 13. O-O b5 14. a3 Nb6 15. d4 Be7 16. Bg5 h6 17. Bxf6 Bxf6 18. Ne4 Be7 19. Rc1 Qc7 20. Rxc7 1-0


[Site "https://www.chess.com"]